 Dungeon Crawl Stone Soup version 0.26.1-2-gb8aa6d0cf2 (webtiles) character file.

Game seed: 349089662316826185

12229 H0rd4k the Carver (level 12, 0/89 HPs)
             Began as a Human Artificer on Mar 15, 2021.
             Was an Initiate of Gozag.
             Slain by a seven-headed hydra (2 damage)
             ... on level 11 of the Dungeon.
             The game lasted 00:23:38 (18046 turns).

H0rd4k the Carver (Human Artificer)                Turns: 18046, Time: 00:23:39

Health: 0/89       AC: 13    Str: 15    XL:     12   Next: 17%
Magic:  18/18      EV:  9    Int: 15    God:    Gozag
Gold:   1355       SH:  0    Dex: 17    Spells: 13/19 levels left

rFire    . . .     SeeInvis .   p - +5 long sword of False Accusations {protect, *Contam rElec rPois rN+}
rCold    . . .     Faith    .   (no shield)
rNeg     + + .     Spirit   .   w - +1 chain mail "Wuopel" {rN+ Dex+4}
rPois    +         Reflect  .   g - +0 helmet
rElec    +         Harm     .   (no cloak)
rCorr    .         Rampage  .   (no gloves)
Will     .....                  (no boots)
Stlth    ..........             c - amulet of magic regeneration
HPRegen  0.24/turn              s - ring of wizardry
MPRegen  0.41/turn              e - ring of poison resistance

@: no status effects
A: no striking features
a: Renounce Religion, Potion Petition, Call Merchant, Bribe Branch


You were on level 11 of the Dungeon.
You worshipped Gozag.
Gozag was most pleased with you.
You visited 2 branches of the dungeon, and saw 14 of its levels.

You collected 1703 gold pieces.
You spent 209 gold pieces at shops.
You paid 139 gold pieces to Gozag.

Inventory:

Hand Weapons
 d - the +1 glaive of Precise Incision {venom, Str+3 Stlth+}
   (You found it on level 10 of the Dungeon)

   It poisons the flesh of those it strikes.
   It affects your strength (+3).
   It makes you more stealthy.
 p - the +5 long sword of False Accusations (weapon) {protect, *Contam rElec rPois rN+}
   (You found it on level 10 of the Dungeon)

   It grants its wielder temporary protection when it strikes (+7 to AC).
   It insulates you from electricity.
   It protects you from poison.
   It protects you from negative energy.
   It causes magical contamination when unequipped.
 r - the +10 mace of the Ancients {freeze, Str+2 Int+2}
   (You bought it in a shop on level 12 of the Dungeon)

   It has been specially enchanted to freeze those struck by it, causing extra
   injury to most foes and up to half again as much damage against particularly
   susceptible opponents.
   It can also slow down cold-blooded creatures.
   It affects your strength (+2).
   It affects your intelligence (+2).
 N - a +3 short sword of venom
Missiles
 i - 24 poisoned darts (quivered)
 u - 5 datura-tipped darts
Armour
 g - a +0 helmet (worn)
 n - a +0 leather armour
 w - the +1 chain mail "Wuopel" (worn) {rN+ Dex+4}
   (You found it on level 8 of the Dungeon)

   It affects your dexterity (+4).
   It protects you from negative energy.
Magical Staves
 t - an uncursed staff of earth
 v - an uncursed staff of fire
 R - an uncursed staff of conjuration {unknown}
Jewellery
 b - an uncursed ring of positive energy
 c - an amulet of magic regeneration (around neck)
 e - a ring of poison resistance (right hand)
 s - a ring of wizardry (left hand)
 I - a +6 ring of dexterity
 J - an uncursed amulet of faith
Wands
 y - a wand of disintegration (5)
 G - a wand of random effects (7)
 M - a wand of acid (5)
Scrolls
 a - a scroll of magic mapping {unknown}
 f - 2 scrolls of random uselessness {unknown}
 h - a scroll of teleportation
 k - 9 scrolls of identify
 l - a scroll of brand weapon {unknown}
 m - 4 scrolls of enchant weapon {unknown}
 o - 3 scrolls of remove curse
 q - 5 scrolls of amnesia
 B - a scroll of acquirement {unknown}
 D - 2 scrolls of fog {unknown}
 E - a scroll of enchant armour {unknown}
 K - a scroll of noise {unknown}
 O - a scroll of blinking {unknown}
Potions
 j - a potion of resistance
 x - a potion of curing
 z - a potion of berserk rage {unknown}
 A - 2 potions of haste {unknown}
 C - a potion of ambrosia {unknown}
 F - 3 potions of flight {unknown}
 H - a potion of magic {unknown}
 L - a potion of brilliance {unknown}
 Q - a potion of degeneration {unknown}
Miscellaneous
 P - a tin of tremorstones (2/2)


   Skills:
 + Level 6.6 Fighting
 + Level 2.6(7.0) Short Blades
 + Level 10.1(10.3) Long Blades
 + Level 2.5 Polearms
 + Level 8.4 Armour
 + Level 4.7 Dodging
 + Level 6.1 Stealth
 * Level 4.2 Spellcasting
 * Level 4.6 Hexes
 + Level 5.3 Evocations


You had 13 spell levels left.
You knew the following spells:

 Your Spells              Type           Power        Failure   Level
a - Confusing Touch       Hex            17%          38%         3
b - Tukima's Dance        Hex            17%          38%         3

Your spell library contained the following spells:

 Spells                   Type           Power        Failure   Level
 Corona                   Hex            18%          16%         1
 Ensorcelled Hibernation  Hex/Ice        20%          47%         2
 Foxfire                  Conj/Fire      12%          65%         1
 Dazzling Flash           Conj/Hex       20%          71%         3
 Inner Flame              Hex/Fire       10%          71%         3
 Poisonous Vapours        Pois/Air       6%           80%         2
 Conjure Flame            Conj/Fire      3%           95%         3
 Gell's Gravitas          Tloc           1%           95%         3
 Mephitic Cloud           Conj/Pois/Air  3%           95%         3
 Petrify                  Tmut/Erth      3%           100%        4
 Sticky Flame             Conj/Fire      3%           100%        4
 Fireball                 Conj/Fire      1%           100%        5
 Metabolic Englaciation   Hex/Ice        5%           100%        5
 Yara's Violent Unravell  Hex/Tmut       5%           100%        5
 Freezing Cloud           Conj/Ice/Air   1%           100%        6


Dungeon Overview and Level Annotations

Branches:
Dungeon (13/15)            Temple (1/1) D:5             Orc (0/2) D:11
   Lair: D:8-11      Vaults: D:13-14

Altars:
Ashenzari
Cheibriados
Dithmenos
Elyvilon
Fedhas
Gozag
Hepliaklqana
Kikubaaqudgha
Makhleb
Nemelex Xobeh
Okawaru
Qazlal
Ru
Sif Muna
Trog
Uskayaw
Vehumet
Wu Jian
Xom
Yredelemnul
Zin
The Shining One

Shops:
D:12 }*(

Annotations:
D:3 1 runed translucent door, BCrake's ghost, amateur DrTm
D:6 1 runed translucent door, Groucho's ghost, novice SpEn
D:8 exclusion: downstairs
D:9 Gastronok
D:10 exclusions: 2 downstairs and upstairs
D:11 exclusion: upstairs, Josephine


Message History

The troll bites you.
* * * LOW HITPOINT WARNING * * *
The troll barely misses you. The troll claws you!
* * * LOW HITPOINT WARNING * * *
Okay, then.
The sky beast flickers out of sight!
Deactivating autopickup; reactivate with Ctrl-A.
Found a falchion.
A sky beast appears from thin air!
Reactivating autopickup.
The seven-headed hydra barely misses you.
The seven-headed hydra bites you but does no damage.
The seven-headed hydra bites you.
* * * LOW HITPOINT WARNING * * *
The seven-headed hydra bites you!
* * * LOW HITPOINT WARNING * * *
The seven-headed hydra closely misses you.
The seven-headed hydra bites you.
You die...
Your body crumbles into a pile of gold.

#... #+# ##.# #.# #.# #.#
### $ #.# #.# ##### ### #
#######.### #...#...# ..
..........######.#...#.#.
. #|#.@DY.T...## .....#
#$#######...#)#.#...# #.#
##..##'.....' ##.#
#.#...# #..# #...#.#
##.## #####.# $ #..#
#...#T# #$## #.#...#####.
##'###### #.T##'......


You could see a seven-headed hydra, a troll and a sky beast.

Vanquished Creatures
  Harold (D:10)
  A centaur warrior (D:10)
  2 two-headed ogres
  A tengu warrior (D:10)
  A wolf spider zombie (D:12)
  A manticore (D:12)
  Maurice (D:10)
  2 trolls
  2 hornets
  Sigmund (D:2)
  4 wraiths (D:11)
  A wyvern (D:10)
  4 yaks
  2 steam dragons (D:10)
  A water moccasin (D:8)
  5 sky beasts
  2 ice beasts
  A black bear (D:10)
  4 orc warriors (D:11)
  2 phantoms (D:10)
  A necrophage (D:8)
  10 ogres
  2 centaurs
  3 big kobolds
  4 bullfrogs
  A wyvern skeleton (D:12)
  2 scorpions
  5 wights
  2 killer bees
  4 howler monkeys
  A bullfrog zombie (D:9)
  7 hounds
  3 bullfrog skeletons
  4 orc priests
  4 jellies
  7 orc wizards
  3 centaur skeletons (D:10)
  An iguana (D:9)
  9 worker ants
  A hound zombie (D:5)
  A worker ant zombie (D:10)
  3 gnolls (D:5)
  10 adders
  2 white imps
  3 ufetubi
  2 worms
  A dart slug (D:1)
  6 leopard geckos
  39 orcs
  5 bats
  5 giant cockroaches
  4 hobgoblins
  8 jackals
  10 kobolds
  7 quokkas
  5 frilled lizards
  8 goblins
  A jackal skeleton (D:6)
  8 rats
241 creatures vanquished.

Vanquished Creatures (collateral kills)
  A howler monkey (D:7)
1 creature vanquished.

Vanquished Creatures (others)
  2 yaks (D:9)
  A phantom (D:9)
  An adder (D:7)
  A gnoll (D:5)
  6 plants
11 creatures vanquished.

Grand Total: 253 creatures vanquished

Notes
Turn   | Place    | Note
-------+----------+-------------------------------------------
     0 | D:1      | H0rd4k the Human Artificer began the quest for the Orb.
     0 | D:1      | Reached XP level 1. HP: 15/15 MP: 1/1
   331 | D:1      | Reached XP level 2. HP: 18/21 MP: 2/2
   910 | D:1      | Reached XP level 3. HP: 16/26 MP: 3/3
  1650 | D:2      | Noticed Sigmund
  1676 | D:2      | Killed Sigmund
  1677 | D:2      | Reached skill level 1 in Short Blades
  1677 | D:2      | Reached XP level 4. HP: 4/33 MP: 4/4
  1677 | D:2      | Reached XP level 5. HP: 4/38 MP: 5/5
  1677 | D:2      | Reached XP level 6. HP: 5/44 MP: 6/6
  2320 | D:3      | Found a runed translucent door.
  2320 | D:3      | Noticed BCrake's ghost (amateur DrTm)
  3363 | D:4      | HP: 2/46 [poisoned by a worker ant]
  3664 | D:4      | Found a shimmering altar of Xom.
  4362 | D:5      | Entered Level 5 of the Dungeon
  4389 | D:5      | Noticed an ogre
  4404 | D:5      | Reached skill level 1 in Long Blades
  4517 | D:5      | Killed an ogre
  4518 | D:5      | Reached XP level 7. HP: 43/51 MP: 7/7
  4572 | D:5      | You fall into a shaft and drop 3 floors!
  4946 | D:8      | Reached skill level 2 in Long Blades
  5740 | D:8      | Got a masterwork chain mail
  5751 | D:8      | Identified the +1 chain mail "Wuopel" {rN+ Dex+4} (You
                  | found it on level 8 of the Dungeon)
  6188 | D:8      | Reached skill level 3 in Long Blades
  6188 | D:8      | Reached XP level 8. HP: 58/58 MP: 8/8
  6468 | D:7      | You fall into a shaft and drop 1 floor!
  6702 | D:7      | Reached skill level 4 in Long Blades
  7198 | D:7      | Found a shimmering blue altar of Sif Muna.
  7214 | D:7      | Found a stormy altar of Qazlal.
  7216 | D:7      | Noticed a water elemental
  7217 | D:7      | Noticed an air elemental
  7217 | D:7      | Noticed a fire elemental
  7510 | D:6      | Reached skill level 5 in Long Blades
  7916 | D:6      | Found a basalt altar of Yredelemnul.
  7980 | D:6      | Found a runed translucent door.
  7984 | D:6      | Noticed Groucho's ghost (novice SpEn)
  8006 | D:6      | Found a shimmering blue altar of Sif Muna.
  8037 | D:6      | Reached XP level 9. HP: 65/65 MP: 9/9
  8920 | D:5      | Found an iron altar of Okawaru.
  9582 | D:5      | Reached skill level 6 in Long Blades
  9601 | D:5      | Reached skill level 5 in Armour
  9901 | D:5      | Found a staircase to the Ecumenical Temple.
 10138 | Temple   | Entered the Ecumenical Temple
 10235 | Temple   | Became a worshipper of Gozag Ym Sagoz the Greedy
 10867 | D:9      | Noticed Gastronok
 11271 | D:8      | Reached skill level 5 in Evocations
 11568 | D:8      | Reached skill level 7 in Long Blades
 11941 | D:10     | Entered Level 10 of the Dungeon
 11951 | D:10     | Reached XP level 10. HP: 31/73 MP: 10/10
 12291 | D:10     | Reached skill level 8 in Long Blades
 12559 | D:10     | Reached skill level 5 in Fighting
 12838 | D:10     | Got a pitted glaive
 12839 | D:10     | Identified the cursed +1 glaive of Precise Incision {venom,
                  | Str+3 Stlth+} (You found it on level 10 of the Dungeon)
 13034 | D:10     | Noticed Maurice
 13042 | D:10     | Killed Maurice
 13043 | D:10     | Reached skill level 1 in Polearms
 13119 | D:10     | Learned a level 3 spell: Confusing Touch
 13123 | D:10     | Learned a level 3 spell: Tukima's Dance
 13314 | D:10     | Got an iridescent long sword
 13315 | D:10     | Identified the +5 long sword of False Accusations {protect,
                  | *Contam rElec rPois rN+} (You found it on level 10 of the
                  | Dungeon)
 13385 | D:10     | Noticed Harold
 13403 | D:10     | Killed Harold
 13404 | D:10     | Reached skill level 5 in Stealth
 13404 | D:10     | Reached skill level 1 in Spellcasting
 13404 | D:10     | Reached skill level 1 in Hexes
 13630 | D:10     | Noticed a tengu warrior
 13637 | D:10     | Noticed a two-headed ogre
 13785 | D:11     | Reached XP level 11. HP: 64/80 MP: 13/13
 13799 | D:11     | Noticed a boulder beetle
 13840 | D:11     | Found a staircase to the Orcish Mines.
 14113 | D:11     | Noticed a seven-headed hydra
 14128 | D:11     | You fall into a shaft and drop 2 floors!
 14361 | D:12     | Found Sinle Gewi's Gadget Emporium.
 14362 | D:12     | Found Uzyt's Assorted Antiques.
 14376 | D:12     | Bought a scroll of identify for 54 gold pieces
 14376 | D:12     | Bought a scroll labelled HATUILIYN for 27 gold pieces
 14564 | D:12     | Reached skill level 9 in Long Blades
 14784 | D:12     | Noticed a deep elf mage
 14787 | D:12     | Noticed a manticore
 14793 | D:12     | Killed a manticore
 15466 | D:12     | Found Rixelua's Antique Weapon Boutique.
 15469 | D:12     | Bought an ichor-stained mace for 128 gold pieces
 15771 | D:10     | Killed a tengu warrior
 16359 | D:9      | Noticed a two-headed ogre
 16379 | D:9      | Killed a two-headed ogre
 16633 | D:9      | Found a burning altar of Makhleb.
 16634 | D:9      | Found a blossoming altar of Fedhas.
 16887 | D:10     | Killed a two-headed ogre
 17195 | D:10     | Noticed a centaur warrior
 17213 | D:10     | Killed a centaur warrior
 17214 | D:10     | Reached XP level 12. HP: 54/89 MP: 17/17
 17403 | D:10     | Reached skill level 10 in Long Blades
 17806 | D:11     | Noticed Josephine
 18012 | D:10     | Identified the +10 mace of the Ancients {freeze, Str+2
                  | Int+2} (You bought it in a shop on level 12 of the Dungeon)
 18046 | D:11     | HP: 2/89 [seven-headed hydra (10)]
 18046 | D:11     | Slain by a seven-headed hydra

Illustrated notes

Levels and vault maps discovered:
D:1:      amcnicky_arrival_blooded_trapdoor, layout_loops_ring
D:2:      layout_rooms, uniq_sigmund
D:3:      layout_loops_cross, ebering_ghost_inner_flame,
          kennysheep_generic_room_14
D:4:      layout_basic, xom_teletrap_fun
D:5:      layout_loops_cross, okawaru_trees_2, lemuel_temple_firewalk_b,
          hangedman_decor_clover_reticule
D:6:      layout_layer_cave, overflow_temple_1_default, tgw_sif,
          ebering_ghost_sewer_d, serial_bayou_pond_e,
          chequers_serial_rivers_micro_e
D:7:      layout_loops_ring, nicolae_qazlal_style_of_elements, basic_altar
D:8:      layout_loops_ring
D:9:      layout_rooms, gammafunk_temple_overflow_wave, uniq_gastronok
D:10:     minmay_bloctagon, layout_basic, minmay_misc_feat_chi,
          amcnicky_mini_corridor_feature, nicolae_benzene_ring, uniq_harold,
          uniq_maurice
D:11:     layout_roguey, lair_entry_dummy, david_orc_4, serial_curves,
          eino_curves_03, eino_curves_01, mrwooster_statue_mirror,
          minmay_fractal_squares_diagonal_5, uniq_josephine
D:12:     layout_gridville, serial_shops, nicolae_shop_overgrown_old_shop,
          nicolae_shop_stone, kennysheep_mini
D:13:     layout_roguey, erik_vaults_2
Temple:   minmay_temple_bridge_d

Skill      XL: |  1  2  3  4  5  6  7  8  9 10 11 12 |
---------------+-------------------------------------+-----
Fighting       | 2 3 4 5 6 |  6.6
Short Blades   | 1 2 |  2.6
Dodging        | 2 3 4 |  4.7
Stealth        | 2 3 4 5 6 |  6.1
Long Blades    | 1 3 5 7 8 9 10 | 10.1
Armour         | 3 4 6 7 8 |  8.4
Evocations     | 4 5 |  5.3
Polearms       | 2 |  2.5
Spellcasting   | 1 3 4 |  4.2
Hexes          | 2 4 |  4.6

Action                   |  1- 3 |  4- 6 |  7- 9 | 10-12 || total
-------------------------+-------+-------+-------+-------++-------
Melee: Club              |    90 |       |       |       ||    90
       Dagger            |    36 |    27 |       |       ||    63
       Falchion          |       |   125 |    96 |       ||   221
       Scimitar          |       |       |   311 |    85 ||   396
       Long sword        |       |       |       |   452 ||   452
       Short sword       |       |       |       |    37 ||    37
       Glaive            |       |       |       |    18 ||    18
Evoke: Wand              |     7 |    10 |    54 |    17 ||    88
  Use: Scroll            |       |     4 |     1 |     8 ||    13
       Potion            |       |     3 |       |     3 ||     6
 Stab: Sleeping          |     1 |     3 |       |       ||     4
       Paralysed         |     6 |    15 |       |    29 ||    50
       Distracted        |       |       |       |     1 ||     1
Armor: Leather armour    |    51 |    31 |    16 |       ||    98
       Chain mail        |       |       |   204 |   390 ||   594
Dodge: Dodged            |   100 |   115 |   246 |   275 ||   736
       Rpst.: Falchion   |       |    34 |    31 |       ||    65
       Scimitar          |       |       |    63 |    11 ||    74
       Long sword        |       |       |       |    56 ||    56
